| TOP OF THE 1ST |
|
Seattle (APP) Mariners batting - Pitching for Pulaski Yankees : RHP Eric Aguilar
|
|
Pitching: RHP Eric Aguilar
|
|
|
Batting: RHB Kikuo Sato
|
0-0: Called Strike 0-1: Ground out 5-3 (Groundball, 56, EV 91.2 MPH)
|
|
Batting: RHB Mike Conaway
|
0-0: Ball 1-0: Called Strike 1-1: Called Strike 1-2: Strikes out swinging
|
|
Batting: RHB Tze-meng Li
|
0-0: Called Strike 0-1: Ball 1-1: Ball 2-1: Ball 3-1: Base on Balls
|
|
Batting: LHB Ryan Lowe
|
0-0: Called Strike 0-1: Foul Ball, location: 2F 0-2: Foul Ball, location: 2F 0-2: DOUBLE (Line Drive, 5D, EV 94.4 MPH) Tze-meng Li to third Runner from 3rd tries for Home, SAFE, throw by LF to home
|
|
Batting: RHB Chris Olheiser
|
0-0: Ball 1-0: SINGLE (Flyball, 89S, EV 89.4 MPH) - OUT at second base trying to stretch hit. Ryan Lowe scores
|
| Top of the 1st over - 2 runs, 2 hits, 0 errors, 0 left on base; Seattle (APP) 2 - Pulaski 0 |
| BOTTOM OF THE 1ST |
|
Pulaski Yankees batting - Pitching for Seattle (APP) Mariners : RHP Ian Gaines
|
|
Pitching: RHP Ian Gaines
|
|
|
Batting: LHB Joel Vera
|
0-0: Called Strike 0-1: Foul Ball, location: 2F 0-2: Ball 1-2: Ground out U3 (Groundball, 34S, EV 78.8 MPH)
|
|
Batting: LHB Dan Morris
|
0-0: Ball 1-0: Called Strike 1-1: Ground out 6-3 (Groundball, 6S, EV 87.5 MPH)
|
|
Batting: SHB Blake Abbott
|
0-0: Ball 1-0: Ball 2-0: Ball 3-0: Foul Ball, location: 2F 3-1: Foul Ball, location: 2F 3-2: Foul Ball, location: 2F 3-2: Foul Ball, location: 2F 3-2: Foul Ball, location: 2F 3-2: Base on Balls
|
|
Batting: RHB Bobby Melillo
|
0-0: Ball 1-0: Foul Ball, location: 2F 1-1: Called Strike 1-2: Ball 2-2: Foul Ball, location: 2F 2-2: Strikes out swinging
|
| Bottom of the 1st over - 0 runs, 0 hits, 0 errors, 1 left on base; Seattle (APP) 2 - Pulaski 0 |
| TOP OF THE 2ND |
|
Seattle (APP) Mariners batting - Pitching for Pulaski Yankees : RHP Eric Aguilar
|
|
Batting: SHB Tony Morales
|
0-0: Ball 1-0: Called Strike 1-1: Ground out 6-3 (Groundball, 6S, EV 88.1 MPH)
|
|
Batting: RHB Ivan Davila
|
0-0: Called Strike 0-1: Foul Ball, location: 2F 0-2: Strikes out looking
|
|
Batting: RHB Enrique Valdez
|
0-0: Foul Ball, location: 2F 0-1: Foul Ball, location: 2F 0-2: Ball 1-2: Strikes out swinging
|
| Top of the 2nd over - 0 runs, 0 hits, 0 errors, 0 left on base; Seattle (APP) 2 - Pulaski 0 |
| BOTTOM OF THE 2ND |
|
Pulaski Yankees batting - Pitching for Seattle (APP) Mariners : RHP Ian Gaines
|
|
Batting: SHB Joe Fure
|
0-0: Foul Ball, location: 2F 0-1: Foul Ball, location: 2F 0-2: Ground out 6-3 (Groundball, 6, EV 97.5 MPH)
|
|
Batting: RHB Seth Rutz
|
0-0: Called Strike 0-1: Ball 1-1: Swinging Strike 1-2: Ground out 6-3 (Groundball, 6S, EV 83.1 MPH)
|
|
Batting: RHB Johannes Gutermuth
|
0-0: Swinging Strike 0-1: Foul Ball, location: 2F 0-2: Ball 1-2: Strikes out swinging
|
| Bottom of the 2nd over - 0 runs, 0 hits, 0 errors, 0 left on base; Seattle (APP) 2 - Pulaski 0 |
| TOP OF THE 3RD |
|
Seattle (APP) Mariners batting - Pitching for Pulaski Yankees : RHP Eric Aguilar
|
|
Batting: RHB John Vasquez
|
0-0: Called Strike 0-1: Foul Ball, location: 2F 0-2: Ball 1-2: Ground out 4-3 (Groundball, 4, EV 78.1 MPH)
|
|
Batting: RHB Kikuo Sato
|
0-0: Called Strike 0-1: Ball 1-1: Ball 2-1: Foul Ball, location: 2F 2-2: Ball 3-2: Base on Balls
|
|
Batting: RHB Mike Conaway
|
0-0: Called Strike 0-1: Ball 1-1: Fly out, F7 (Flyball, 7, EV 95.0 MPH)
|
|
Batting: RHB Tze-meng Li
|
0-0: Ball Kikuo Sato steals 2nd base 1-0: Swinging Strike 1-1: Called Strike 1-2: Ground out 6-3 (Groundball, 6, EV 102.5 MPH)
|
| Top of the 3rd over - 0 runs, 0 hits, 0 errors, 1 left on base; Seattle (APP) 2 - Pulaski 0 |
| BOTTOM OF THE 3RD |
|
Pulaski Yankees batting - Pitching for Seattle (APP) Mariners : RHP Ian Gaines
|
|
Batting: RHB Jordan Barragan
|
0-0: Ball 1-0: Ball 2-0: Fly out, F8 (Flyball, 89D, EV 93.1 MPH)
|
|
Batting: RHB Roberto Tena
|
0-0: Ball 1-0: Swinging Strike 1-1: Ball 2-1: Foul Ball, location: 2F 2-2: Foul Ball, location: 2F 2-2: Strikes out looking
|
|
Batting: LHB Joel Vera
|
0-0: Ball 1-0: Called Strike 1-1: Ball 2-1: Ball 3-1: Base on Balls
|
|
Batting: LHB Dan Morris
|
0-0: Ball Joel Vera steals 2nd base 1-0: SINGLE (Groundball, 34, EV 96.2 MPH) Joel Vera to third
|
|
Batting: SHB Blake Abbott
|
0-0: Foul Ball, location: 2F 0-1: Ball 1-1: Foul Ball, location: 2F 1-2: Ball 2-2: 3-RUN HOME RUN (Line Drive, 7LD, EV 98.8 MPH), Distance : 352 ft
|
|
Batting: RHB Bobby Melillo
|
0-0: Called Strike 0-1: Called Strike 0-2: Ball 1-2: Fly out, F9 (Flyball, 89XD, EV 102.5 MPH)
|
| Bottom of the 3rd over - 3 runs, 2 hits, 0 errors, 0 left on base; Seattle (APP) 2 - Pulaski 3 |
| TOP OF THE 4TH |
|
Seattle (APP) Mariners batting - Pitching for Pulaski Yankees : RHP Eric Aguilar
|
|
Batting: LHB Ryan Lowe
|
0-0: Ball 1-0: Called Strike 1-1: Ball 2-1: Fly out, F8 (Line Drive, 8RD, EV 105.0 MPH)
|
|
Batting: RHB Chris Olheiser
|
0-0: Ball 1-0: Ball 2-0: Called Strike 2-1: Ball 3-1: Called Strike 3-2: Strikes out swinging
|
|
Batting: SHB Tony Morales
|
0-0: Fly out, F7 (Flyball, 78D, EV 98.8 MPH)
|
| Top of the 4th over - 0 runs, 0 hits, 0 errors, 0 left on base; Seattle (APP) 2 - Pulaski 3 |
| BOTTOM OF THE 4TH |
|
Pulaski Yankees batting - Pitching for Seattle (APP) Mariners : RHP Ian Gaines
|
|
Batting: SHB Joe Fure
|
0-0: Foul Ball, location: 2F 0-1: Foul Ball, location: 2F 0-2: Ground out 6-3 (Groundball, 6MS, EV 87.5 MPH)
|
|
Batting: RHB Seth Rutz
|
0-0: Swinging Strike 0-1: Fly out, F9 (Flyball, 9, EV 93.1 MPH)
|
|
Batting: RHB Johannes Gutermuth
|
0-0: Ball 1-0: Ball 2-0: Called Strike 2-1: Called Strike 2-2: Ball 3-2: Strikes out swinging
|
| Bottom of the 4th over - 0 runs, 0 hits, 0 errors, 0 left on base; Seattle (APP) 2 - Pulaski 3 |
| TOP OF THE 5TH |
|
Seattle (APP) Mariners batting - Pitching for Pulaski Yankees : RHP Eric Aguilar
|
|
Batting: RHB Ivan Davila
|
0-0: Called Strike 0-1: Ground out 6-3 (Groundball, 6S, EV 85.6 MPH)
|
|
Batting: RHB Enrique Valdez
|
0-0: Foul Ball, location: 2F 0-1: Foul Ball, location: 2F 0-2: Strikes out swinging
|
|
Batting: RHB John Vasquez
|
0-0: Ball 1-0: Swinging Strike 1-1: Foul Ball, location: 2F 1-2: Strikes out swinging
|
| Top of the 5th over - 0 runs, 0 hits, 0 errors, 0 left on base; Seattle (APP) 2 - Pulaski 3 |
| BOTTOM OF THE 5TH |
|
Pulaski Yankees batting - Pitching for Seattle (APP) Mariners : RHP Ian Gaines
|
|
Batting: RHB Jordan Barragan
|
0-0: Called Strike 0-1: Ball 1-1: Ball 2-1: Swinging Strike 2-2: Strikes out looking
|
|
Batting: RHB Roberto Tena
|
0-0: Called Strike 0-1: Swinging Strike 0-2: Fly out, F8 (Line Drive, 8LXD, EV 97.5 MPH)
|
|
Batting: LHB Joel Vera
|
0-0: Foul Ball, location: 2F 0-1: Foul Ball, location: 2F 0-2: Foul Ball, location: 2F 0-2: Ball 1-2: Ball 2-2: SINGLE (Groundball, 4D, EV 96.9 MPH)
|
|
Batting: LHB Dan Morris
|
0-0: Called Strike 0-1: Ball 1-1: Ball Joel Vera steals 2nd base (no throw) 2-1: Ground out 6-3 (Groundball, 6, EV 85.0 MPH)
|
| Bottom of the 5th over - 0 runs, 1 hit, 0 errors, 1 left on base; Seattle (APP) 2 - Pulaski 3 |
| TOP OF THE 6TH |
|
Seattle (APP) Mariners batting - Pitching for Pulaski Yankees : RHP Eric Aguilar
|
|
Batting: RHB Kikuo Sato
|
0-0: Called Strike 0-1: Called Strike 0-2: Foul Ball, location: 2F 0-2: Ball 1-2: Ball 2-2: Ground out 6-3 (Groundball, 6S, EV 80.0 MPH)
|
|
Batting: RHB Mike Conaway
|
0-0: Ball 1-0: Called Strike 1-1: Foul Ball, location: 2F 1-2: Foul Ball, location: 2F 1-2: Strikes out swinging
|
|
Batting: RHB Tze-meng Li
|
0-0: Ball 1-0: Swinging Strike 1-1: Called Strike 1-2: Ball 2-2: Ground out 5-3 (Groundball, 56S, EV 66.9 MPH)
|
| Top of the 6th over - 0 runs, 0 hits, 0 errors, 0 left on base; Seattle (APP) 2 - Pulaski 3 |
| BOTTOM OF THE 6TH |
|
Pulaski Yankees batting - Pitching for Seattle (APP) Mariners : RHP Ian Gaines
|
|
Batting: SHB Blake Abbott
|
0-0: Ball 1-0: Ball 2-0: Called Strike 2-1: Foul Ball, location: 2F 2-2: Foul Ball, location: 2F 2-2: Foul Ball, location: 2F 2-2: Ball 3-2: Foul Ball, location: 2F 3-2: Hit by Pitch
|
|
Batting: RHB Bobby Melillo
|
0-0: Called Strike 0-1: Fly out, F9 (Flyball, 9LD, EV 86.9 MPH)
|
|
Batting: SHB Joe Fure
|
0-0: Ball 1-0: Fielders Choice at 2nd, 5-4 (Groundball, 5, EV 93.1 MPH)
|
|
Batting: RHB Seth Rutz
|
0-0: Ball 1-0: Called Strike 1-1: Called Strike 1-2: Fielders Choice at 2nd, 5-4 (Groundball, 56, EV 86.2 MPH)
|
| Bottom of the 6th over - 0 runs, 0 hits, 0 errors, 1 left on base; Seattle (APP) 2 - Pulaski 3 |
| TOP OF THE 7TH |
|
Seattle (APP) Mariners batting - Pitching for Pulaski Yankees : RHP Eric Aguilar
|
|
Pitching: RHP Bobby Savoy
|
|
|
Batting: LHB Ryan Lowe
|
0-0: Ball 1-0: Foul Ball, location: 2F 1-1: Called Strike 1-2: Fly out, F8 (Flyball, 8LXD, EV 76.9 MPH)
|
|
Batting: RHB Chris Olheiser
|
0-0: Ball 1-0: Swinging Strike 1-1: Ground out 4-3 (Groundball, 4, EV 86.2 MPH)
|
|
Batting: SHB Tony Morales
|
0-0: Ball 1-0: Foul Ball, location: 2F 1-1: Foul Ball, location: 2F 1-2: SINGLE (Groundball, 13S, EV 70.0 MPH) (infield hit)
|
|
Batting: RHB Ivan Davila
|
0-0: Ball 1-0: Called Strike 1-1: Swinging Strike 1-2: Strikes out swinging
|
| Top of the 7th over - 0 runs, 1 hit, 0 errors, 1 left on base; Seattle (APP) 2 - Pulaski 3 |
| BOTTOM OF THE 7TH |
|
Pulaski Yankees batting - Pitching for Seattle (APP) Mariners : RHP Ian Gaines
|
|
Batting: RHB Johannes Gutermuth
|
0-0: Ball 1-0: Ball 2-0: Swinging Strike 2-1: Ball 3-1: DOUBLE (Line Drive, 89XD, EV 111.9 MPH)
|
|
Batting: RHB Jordan Barragan
|
0-0: Ball 1-0: Ball 2-0: Ground out 6-3 (Groundball, 6, EV 91.9 MPH) Johannes Gutermuth to third
|
|
Pitching: RHP Harry Hammons
|
|
|
Batting: RHB Roberto Tena
|
0-0: Ball 1-0: SINGLE (Groundball, 6M, EV 79.4 MPH) (infield hit) Johannes Gutermuth scores
|
|
Batting: LHB Joel Vera
|
0-0: Ball 1-0: SINGLE (Groundball, 34, EV 98.8 MPH) Roberto Tena to second Runner from 2nd tries for 3rd, SAFE, throw by RF made to third
|
|
Batting: LHB Dan Morris
|
0-0: Called Strike 0-1: SINGLE (Flyball, 6MD, EV 90.0 MPH) Roberto Tena scores Joel Vera to second
|
|
Batting: SHB Blake Abbott
|
0-0: Called Strike 0-1: Ball 1-1: Ball 2-1: Called Strike 2-2: Foul Ball, location: 2F 2-2: Foul Ball, location: 2F 2-2: Strikes out swinging
|
|
Batting: RHB Bobby Melillo
|
0-0: Swinging Strike 0-1: Foul Ball, location: 2F 0-2: Foul Ball, location: 2F 0-2: Fly out, F9 (Flyball, 9D, EV 89.4 MPH)
|
| Bottom of the 7th over - 2 runs, 4 hits, 0 errors, 2 left on base; Seattle (APP) 2 - Pulaski 5 |
| TOP OF THE 8TH |
|
Seattle (APP) Mariners batting - Pitching for Pulaski Yankees : RHP Bobby Savoy
|
|
Batting: RHB Enrique Valdez
|
0-0: Called Strike 0-1: Ball 1-1: Ball 2-1: TRIPLE (Flyball, 8RXD, EV 92.5 MPH)
|
|
Pinch Hitting: RHB Hideo Okimura
|
0-0: Called Strike 0-1: Ball 1-1: SINGLE (Line Drive, 6M, EV 95.0 MPH) Enrique Valdez scores
|
|
Batting: RHB Kikuo Sato
|
0-0: Hit by Pitch Hideo Okimura to second
|
|
Batting: RHB Mike Conaway
|
0-0: Sac Bunt to 3S - play at first, batter OUT! 3-1 Hideo Okimura to third Kikuo Sato to second
|
|
Batting: RHB Tze-meng Li
|
0-0: Ball 1-0: Called Strike 1-1: DOUBLE (Line Drive, 78D, EV 107.5 MPH) Hideo Okimura scores Kikuo Sato scores
|
|
Batting: LHB Ryan Lowe
|
0-0: Intentional Walk
|
|
Batting: RHB Chris Olheiser
|
0-0: Ball 1-0: Ball 2-0: Called Strike 2-1: Foul Ball, location: 2F 2-2: Ball 3-2: Strikes out swinging
|
|
Pitching: LHP Steve Martin
|
|
|
Batting: SHB Tony Morales
|
0-0: Foul Ball, location: 2F 0-1: Swinging Strike 0-2: Strikes out looking
|
| Top of the 8th over - 3 runs, 3 hits, 0 errors, 2 left on base; Seattle (APP) 5 - Pulaski 5 |
| BOTTOM OF THE 8TH |
|
Pulaski Yankees batting - Pitching for Seattle (APP) Mariners : RHP Harry Hammons
|
|
Pitching: RHP In Bea
|
|
|
Now in RF: Hideo Okimura
|
|
|
Batting: SHB Joe Fure
|
0-0: Called Strike 0-1: Ball 1-1: Foul Ball, location: 2F 1-2: SINGLE (Groundball, 4M, EV 105.0 MPH) (infield hit)
|
|
Batting: RHB Seth Rutz
|
0-0: Called Strike 0-1: Foul Ball, location: 2F 0-2: Fly out, F8 (Line Drive, 8LM, EV 88.8 MPH)
|
|
Batting: RHB Johannes Gutermuth
|
0-0: Swinging Strike 0-1: Called Strike 0-2: Strikes out swinging
|
|
Pinch Hitting: SHB Eddie Trebelhorn
|
0-0: Called Strike Joe Fure steals 2nd base 0-1: Ball Wild Pitch! Joe Fure to third 1-1: Swinging Strike 1-2: Ball 2-2: Ball 3-2: Strikes out swinging
|
| Bottom of the 8th over - 0 runs, 1 hit, 0 errors, 1 left on base; Seattle (APP) 5 - Pulaski 5 |
| TOP OF THE 9TH |
|
Seattle (APP) Mariners batting - Pitching for Pulaski Yankees : LHP Steve Martin
|
|
Now at C: John Sabean
|
|
|
Batting: RHB Ivan Davila
|
0-0: Called Strike 0-1: Swinging Strike 0-2: Ball 1-2: Ball 2-2: Strikes out swinging
|
|
Batting: RHB Enrique Valdez
|
0-0: Foul Ball, location: 2F 0-1: Ball 1-1: Foul Ball, location: 2F 1-2: Strikes out looking
|
|
Batting: RHB Hideo Okimura
|
0-0: SINGLE (Line Drive, 78S, EV 85.6 MPH)
|
|
Batting: RHB Kikuo Sato
|
0-0: Swinging Strike 0-1: Foul Ball, location: 2F 0-2: Ball 1-2: Ball 2-2: Foul Ball, location: 2F 2-2: Foul Ball, location: 2F 2-2: Ball 3-2: Foul Ball, location: 2F 3-2: Strikes out swinging
|
| Top of the 9th over - 0 runs, 1 hit, 0 errors, 1 left on base; Seattle (APP) 5 - Pulaski 5 |
| BOTTOM OF THE 9TH |
|
Pulaski Yankees batting - Pitching for Seattle (APP) Mariners : RHP In Bea
|
|
Pitching: LHP Mitch Lewis
|
|
|
Batting: RHB Roberto Tena
|
0-0: Ball 1-0: Foul Ball, location: 2F 1-1: Ball 2-1: Ball 3-1: Ground out 5-3 (Groundball, 56S, EV 91.2 MPH)
|
|
Batting: LHB Joel Vera
|
0-0: Foul Ball, location: 2F 0-1: Foul Ball, location: 2F 0-2: Ball 1-2: Ball 2-2: Ball 3-2: Foul Ball, location: 2F 3-2: Base on Balls
|
|
Batting: LHB Dan Morris
|
0-0: Sac Bunt to 5S - play at first, batter OUT! 5-4 Joel Vera to second
|
|
Batting: SHB Blake Abbott
|
0-0: Foul Ball, location: 2F 0-1: Ball 1-1: Ball 2-1: Foul Ball, location: 2F 2-2: Ball 3-2: Base on Balls
|
|
Pitching: LHP Adam Parrish
|
|
|
Batting: RHB Bobby Melillo
|
0-0: Ball 1-0: Foul Ball, location: 2F 1-1: Called Strike 1-2: Ball 2-2: Ground out 5-3 (Groundball, 56S, EV 76.9 MPH)
|
| Bottom of the 9th over - 0 runs, 0 hits, 0 errors, 2 left on base; Seattle (APP) 5 - Pulaski 5 |
| TOP OF THE 10TH |
|
Seattle (APP) Mariners batting - Pitching for Pulaski Yankees : LHP Steve Martin
|
|
Pitching: RHP John Robidoux
|
|
|
Batting: RHB Mike Conaway
|
0-0: Called Strike 0-1: Ball 1-1: Called Strike 1-2: Ball 2-2: Ground out 5-3 (Groundball, 56S, EV 79.4 MPH)
|
|
Batting: RHB Tze-meng Li
|
0-0: Ball 1-0: Ball 2-0: Called Strike 2-1: Foul Ball, location: 2F 2-2: Ball 3-2: Ground out 5-3 (Groundball, 56S, EV 78.1 MPH)
|
|
Batting: LHB Ryan Lowe
|
0-0: Ground out 6-3 (Groundball, 4M, EV 98.1 MPH)
|
| Top of the 10th over - 0 runs, 0 hits, 0 errors, 0 left on base; Seattle (APP) 5 - Pulaski 5 |
| BOTTOM OF THE 10TH |
|
Pulaski Yankees batting - Pitching for Seattle (APP) Mariners : LHP Adam Parrish
|
|
Batting: SHB Joe Fure
|
0-0: Ball 1-0: Ball 2-0: Ball 3-0: Called Strike 3-1: Base on Balls
|
|
Batting: RHB Seth Rutz
|
0-0: Called Strike 0-1: Called Strike 0-2: Foul Ball, location: 2F 0-2: Ball 1-2: Hit by Pitch Joe Fure to second
|
|
Batting: RHB Johannes Gutermuth
|
0-0: Called Strike 0-1: Swinging Strike 0-2: Foul Ball, location: 2F 0-2: Fly out, F9 (Flyball, 9D, EV 91.2 MPH) Runner from 2nd tags up, SAFE at 3rd with throw by RF
|
|
Pitching: RHP Matt Lane
|
|
|
Batting: RHB John Sabean
|
0-0: Ball 1-0: Ball 2-0: Called Strike 2-1: Swinging Strike 2-2: SINGLE (Groundball, 6MD, EV 101.2 MPH) Joe Fure scores
|
| Bottom of the 10th over - 1 run, 1 hit, 0 errors, 0 left on base; Seattle (APP) 5 - Pulaski 6 |
| |
|
Game Over ... Pulaski defeats Seattle (APP), 6 to 5
|
|
|